 Seeded DCSS version 0.29.1-15-g9cfb28693d (webtiles) character file.

Game seed: 10165163451824931987 (custom seed)

7 Psyclone the Stinger (level 1, -2/10 HPs)
             Began as a Deep Elf Venom Mage on Sept 23, 2023.
             Slain by a hobgoblin (4 damage)
             ... on level 1 of the Dungeon.
             The game lasted 00:00:45 (348 turns).

Psyclone the Stinger (Deep Elf Venom Mage)           Turns: 348, Time: 00:00:46

Health: -2/10      AC:  2    Str:  5    XL:     1   Next: 91%
Magic:  5/6        EV: 12    Int: 19    God:
Gold:   868        SH:  0    Dex: 15    Spells: 5/6 levels left

rFire   . . .      SeeInvis .   c - +0 short sword
rCold   . . .      Faith    .   (no shield)
rNeg    . . .      Spirit   .   a - +0 robe
rPois   .          Reflect  .   (no helmet)
rElec   .          Harm     .   (no cloak)
rCorr   .          Rampage  .   (no gloves)
Will    .....                   (no boots)
Stlth   ++........              (no amulet)
HPRegen 0.03/turn               (no ring)
MPRegen 0.10/turn               (no ring)

@: no status effects
A: no striking features
a: no special abilities


You were on level 1 of the Dungeon.
You visited 1 branch of the dungeon, and saw 1 of its levels.

You collected 868 gold pieces.

Inventory:

Hand Weapons
 c - a +0 short sword (weapon)
Armour
 a - a +0 robe (worn)
Scrolls
 d - a scroll of teleportation {unknown}
 e - a scroll of vulnerability {unknown}
Potions
 b - a potion of magic


   Skills:
 - Level 2.4 Dodging
 - Level 2.4 Stealth
 - Level 3.0 Spellcasting
 - Level 1.1 Transmutations
 + Level 3.9 Poison Magic


You had 5 spell levels left.
You knew the following spells:

 Your Spells              Type           Power      Damage    Failure   Level
a - Sting                 Tmut/Pois      48%        1d5       5%          1

Your spell library contained the following spells:

 Spells                   Type           Power      Damage    Failure   Level
 Poisonous Vapours        Pois/Air       20%        N/A       11%         2
 Mephitic Cloud           Conj/Pois/Air  7%         N/A       26%         3
 Olgreb's Toxic Radiance  Pois           17%        N/A       30%         4


Dungeon Overview and Level Annotations

Branches:
Dungeon (1/15) Zot: 5649

Altars:


Message History

You now have 3/6 mp.
Casting: Sting (safe; 5% risk of failure)
Confirm with . or Enter, or press ? or * to list all spells.
Aiming: Sting (safe; 5% risk of failure)
Press: ? - help, Shift-Dir - straight line, f/p - hobgoblin
Aim: a hobgoblin (poisoned, 71% to hit)
The sting hits the hobgoblin.
The hobgoblin looks even sicker.
The hobgoblin is heavily wounded.
The hobgoblin hits you.
You take 3 damage, and have 7/10 hp.
MASSIVE DAMAGE!!
You now have 2/6 mp.
You hit the hobgoblin but do no damage.
The hobgoblin is heavily wounded.
The hobgoblin closely misses you.
You closely miss the hobgoblin.
The hobgoblin is heavily wounded.
The hobgoblin hits you.
You take 3 damage, and have 4/10 hp.
MASSIVE DAMAGE!!
You hit the hobgoblin.
You kill the hobgoblin!
You start resting.
Magic restored.
MP restored: 6 You start resting.
A hobgoblin comes into view.
You regained 2 hp, and now have 7/10 hp.
Casting: Sting (safe; 5% risk of failure)
Confirm with . or Enter, or press ? or * to list all spells.
Aiming: Sting (safe; 5% risk of failure)
Press: ? - help, Shift-Dir - straight line, f - hobgoblin
Aim: a hobgoblin (wandering, hasn't noticed you, 71% to hit)
The sting hits the hobgoblin but does no damage.
The hobgoblin is poisoned.
The hobgoblin hits you.
You take 2 damage, and have 5/10 hp.
You now have 5/6 mp.
You closely miss the hobgoblin. The hobgoblin hits you.
* * * LOW HITPOINT WARNING * * *
You take 3 damage, and have 2/10 hp.
MASSIVE DAMAGE!!
You closely miss the hobgoblin.
The hobgoblin is heavily wounded.
The hobgoblin hits you.
You die...

.# . ###. #.. ... #. #.#
##### #. #g# ####...# #. #@#
#..#...# ###.####.# #..'...#
# #.....##.####.##'####'###
#.##.....##.......#.'<#.....
............##+#######.....
##
##.....##..#........#..8..
#..
#..().##."#........#.....
#b####.......#........'.....
##
#...........#........#.....


You could see a hobgoblin (poisoned).

Vanquished Creatures
  2 endoplasms (D:1)
  2 goblins (D:1)
  A hobgoblin (D:1)
  A bat (D:1)
6 creatures vanquished.

Notes
Turn   | Place    | Note
-------+----------+-------------------------------------------
     0 | D:1      | Psyclone the Deep Elf Venom Mage began the quest for the
                  | Orb.
     0 | D:1      | Reached XP level 1. HP: 10/10 MP: 6/6
    60 | D:1      | Identified a scroll of acquirement
    60 | D:1      | Acquired 844 gold pieces
   348 | D:1      | Slain by a hobgoblin

Illustrated notes

Levels and vault maps discovered:
D:1:      evilmike_arrival_fibonacci_small, layout_loops_ring, serial_shops,
          nicolae_shop_behind_doors, ebering_dispersal_statue_hall

Action                   || total
-------------------------++-------
Melee: Short sword       ||    17
 Cast: Sting             ||     7
  Use: Scroll            ||     1
Armor: Robe              ||     4
Dodge: Dodged            ||     4
